 Dungeon Crawl Stone Soup version 0.20-a0-1124-g2e29d97 (webtiles) character file.

79 Kikal the Slasher (level 4, 0/35 HPs)
             Began as a Barachi Skald on May 15, 2017.
             Was an Initiate of Cheibriados.
             Slain by a gnoll
             ... wielding a +0 spear
              (1 damage)
             ... on level 2 of the Dungeon.
             The game lasted 00:14:40 (2837 turns).

Kikal the Slasher (Barachi Skald)                   Turns: 2837, Time: 00:14:40

Health: 0/35       AC:  5    Str: 15    XL:     4   Next: 38%
Magic:  7/7        EV: 12    Int: 14    God:    Cheibriados [......]
Gold:   43         SH:  0    Dex: 12    Spells: 1/7 levels left

rFire    . . .     SeeInvis .   a - +0 falchion
rCold    . . .     Gourm    .   (no shield)
rNeg     . . .     Faith    .   b - +0 leather armour
rPois    .         Spirit   .   n - +1 helmet
rElec    .         Reflect  .   (no cloak)
rCorr    .         Harm     .   (no gloves)
MR       .....                  (no boots)
Stlth    +.........             (no amulet)
Regen    0.2/turn               (no ring)
MPRegen  0.1/turn               (no ring)

@: very slow
A: +LOS, swims, slowness 1, strong legs 1
a: Hop, Bend Time, Renounce Religion


You were on level 2 of the Dungeon.
You worshipped Cheibriados.
Cheibriados was noncommittal.
You were not hungry.

You visited 1 branch of the dungeon, and saw 2 of its levels.

You collected 43 gold pieces.

Inventory:

Hand Weapons
 a - a +0 falchion (weapon)
Missiles
 i - 71 stones (quivered)
 q - 12 poisoned needles
Armour
 b - a +0 leather armour (worn)
 n - a +1 helmet (worn)
Jewellery
 o - an uncursed ring of magical power {unknown}
Scrolls
 e - a scroll of enchant weapon {unknown}
 f - a scroll of recharging {unknown}
 h - a scroll of immolation {unknown}
 k - a scroll of teleportation {unknown}
 m - a scroll of enchant armour {unknown}
 r - a scroll of fog {unknown}
Potions
 g - a potion of flight {unknown}
 j - a potion of curing {unknown}
 l - a potion of heal wounds {unknown}
 p - a potion of haste {unknown}
Books
 c - a book of Battle

   Spells                             Type                      Level
   a - Infusion                       Charms                       1
   b - Shroud of Golubria             Charms/Translocation         2
   c - Song of Slaying                Charms                       2
   d - Spectral Weapon                Hexes/Charms                 3
   e - Regeneration                   Charms/Necromancy            3
Comestibles
 d - a bread ration
 s - 3 chunks of flesh


   Skills:
 - Level 3.1 Fighting
 + Level 4.8 Long Blades
 - Level 1.2 Armour
 - Level 2.1 Dodging
 + Level 0.8 Stealth
 - Level 2.1 Spellcasting
 - Level 3.2 Charms


You had one spell level left.
You knew the following spells:

 Your Spells              Type           Power        Failure   Level  Hunger
a - Infusion              Chrm           ##..         8%          1    #......
b - Regeneration          Chrm/Necr      #.........   41%         3    ###....
c - Shroud of Golubria    Chrm/Tloc      #.........   22%         2    ###....


Dungeon Overview and Level Annotations

Branches:
Dungeon (2/15)

Altars:
Cheibriados
Yredelemnul


Innate Abilities, Weirdness & Mutations

Shadows flee at your approach. (+LOS)
You can swim through water.
You cover ground slowly.
You can hop short distances.


Message History

The gnoll hits you with a spear.
You take 6 damage, and have 16/35 hp.
You hit the gnoll.
The gnoll is heavily wounded.
The gnoll hits you but does no damage.
You hit the gnoll.
The gnoll is severely wounded.
The gnoll hits you with a spear!
* * * LOW HITPOINT WARNING * * *
You take 7 damage, and have 10/35 hp.
You barely miss the gnoll.
The gnoll is severely wounded.
The gnoll hits you with a spear!
* * * LOW HITPOINT WARNING * * *
You take 9 damage, and have 1/35 hp.
MASSIVE DAMAGE!!
Okay, then.
You hit the gnoll but do no damage.
The gnoll is severely wounded.
The gnoll hits you with a spear.
You die...

####......#......#
#######.#####.#
#.# #.# #.# #.#
######.# #.#
#####...##.# #.#
......#....# #.#
#.#...#...#### #g#
#...#####(...# #@#
#.....#...##.#
#.####
#..##.#.####.#
#....# ...##)[.#
#.# ####.#
...###.## #.# #)#
...# #.# #.# #.#
#.## #.#
#.######.# #.# #.#
#.##.....# #.# #.#
#.##.#####


You could see a gnoll.

Vanquished Creatures
  2 gnolls
  3 worms
  2 dart slugs (D:2)
  A leopard gecko (D:1)
  4 bats
  4 giant cockroaches
  4 goblins (D:2)
  9 hobgoblins
  A quokka (D:2)
  4 frilled lizards (D:2)
  3 kobolds (D:2)
  9 rats
46 creatures vanquished.

Notes
Turn   | Place    | Note
-------+----------+-------------------------------------------
     0 | D:1      | Kikal the Barachi Skald began the quest for the Orb.
     0 | D:1      | Reached XP level 1. HP: 17/17 MP: 3/3
   424 | D:1      | Reached skill level 3 in Long Blades
   489 | D:1      | Reached XP level 2. HP: 23/23 MP: 5/5
   564 | D:1      | Found a basalt altar of Yredelemnul.
  1015 | D:2      | Reached skill level 4 in Long Blades
  1018 | D:2      | Reached XP level 3. HP: 28/28 MP: 6/6
  1396 | D:2      | Found a snail-covered altar of Cheibriados.
  1507 | D:2      | Learned a level 3 spell: Regeneration
  1510 | D:2      | Learned a level 2 spell: Shroud of Golubria
  1510 | D:2      | Became a worshipper of Cheibriados the Contemplative
  1975 | D:2      | Reached XP level 4. HP: 23/35 MP: 7/7
  2836 | D:2      | HP: 1/35 [gnoll/spear (9)]
  2837 | D:2      | Slain by a gnoll

Vault maps used:
D:1:      dpeg_arrival_water_altar, serial_bayou, serial_bayou_ford_a,
          serial_bayou_lagoon_a, serial_bayou_shore_b, serial_bayou_pond_d,
          serial_bayou_pond_c
D:2:      kennysheep_slug_shrine, uniq_crazy_yiuf_cottage

Skill      XL: |  1  2  3 |
---------------+----------+-----
Long Blades    | 3 4 |  4.8
Fighting       | 3 |  3.1
Armour         | |  1.2
Dodging        | |  2.1
Stealth        | |  0.8
Spellcasting   | |  2.1
Charms         | |  3.2

Action                   |  1- 3 |  4- 6 || total
-------------------------+-------+-------++-------
Melee: Falchion          |   137 |    49 ||   186
Throw: Stone             |     4 |       ||     4
 Abil: Hop               |     1 |       ||     1
  Eat: Chunk             |     4 |     4 ||     8
Armor: Leather armour    |    33 |    11 ||    44
Dodge: Dodged            |    83 |    32 ||   115
       Rpst.: Falchion   |    26 |    14 ||    40
